 Dungeon Crawl Stone Soup version 0.24-a0-779-g36f0aeb843 (webtiles) character file.

Game seed: 17254338024210734684, levelgen mode: deterministic

5373 Kohma the Cleaver (level 10, -6/84 HPs)
             Began as a Minotaur Fighter on Oct 8, 2019.
             Was an Elder of Okawaru.
             Killed by divine providence
             ... invoked by an orc priest
              (16 damage)
             ... on level 9 of the Dungeon.
             The game lasted 00:19:12 (7747 turns).

Kohma the Cleaver (Minotaur Fighter)                Turns: 7747, Time: 00:19:13

Health: -6/84      AC: 15    Str: 25    XL:     10   Next: 39%
Magic:  9/9        EV:  8    Int:  5    God:    Okawaru [****..]
Gold:   433        SH:  0    Dex:  9    Spells: 9/9 levels left

rFire    . . .     SeeInvis .   O - +5 battleaxe
rCold    . . .     Gourm    .   (shield currently unavailable)
rNeg     + . .     Faith    .   u - +1 chain mail {rN+}
rPois    .         Spirit   .   (helmet restricted)
rElec    .         Reflect  .   D - +0 cloak
rCorr    .         Harm     .   M - +0 pair of gloves
MR       .....                  (no boots)
Stlth    ..........             F - amulet of regeneration
HPRegen  0.64/turn              (no ring)
MPRegen  0.11/turn              (no ring)

@: no status effects
A: retaliatory headbutt, horns 2
a: Heroism, Renounce Religion


You were on level 9 of the Dungeon.
You worshipped Okawaru.
Okawaru was greatly pleased with you.
You were very hungry.

You visited 2 branches of the dungeon, and saw 10 of its levels.

You collected 433 gold pieces.

Inventory:

Hand Weapons
 a - a +1 war axe
 q - a +2 scimitar of flaming
 J - a +2 shortbow of flaming
 O - a +5 battleaxe (weapon)
Missiles
 o - 14 atropa-tipped darts
 A - 23 poisoned darts
 K - 112 arrows
 Q - 5 javelins (quivered)
Armour
 c - a +0 shield
 u - a +1 chain mail of positive energy (worn)
 y - a +0 leather armour of fire resistance
 z - a +1 ring mail of cold resistance
 C - a +1 scale mail of magic resistance
 D - a +0 cloak (worn)
 M - a +0 pair of gloves (worn)
Jewellery
 F - an amulet of regeneration (around neck)
 H - a cursed amulet of inaccuracy {unknown}
Wands
 B - a wand of acid (7)
 E - a wand of paralysis (6)
Scrolls
 e - 3 scrolls of identify
 h - 7 scrolls of remove curse
 j - 2 scrolls of blinking
 n - 6 scrolls of teleportation
 w - 2 scrolls of fear {unknown}
 I - a scroll of noise {unknown}
 L - a scroll of fog
 P - a scroll of enchant armour {unknown}
Potions
 d - a potion of might
 g - 2 potions of magic
 i - a potion of resistance {unknown}
 k - 2 potions of heal wounds
 l - 2 potions of invisibility {unknown}
 m - a potion of brilliance {unknown}
 p - 3 potions of flight {unknown}
 r - a potion of degeneration {unknown}
 s - a potion of berserk rage {unknown}
 t - 3 potions of agility {unknown}
 v - 3 potions of curing {unknown}
 x - a potion of mutation {unknown}
 G - a potion of lignification {unknown}
 N - a potion of haste {unknown}
Comestibles
 f - 25 rations


   Skills:
 + Level 6.6 Fighting
 * Level 12.9 Axes
 - Level 10.0 Armour
 - Level 8.3 Shields


You had 9 spell levels left.
You didn't know any spells.
Your spell library contained the following spells:

 Spells                   Type           Power        Failure   Level  Hunger
 Animate Skeleton         Necr           N/A          95%         1    ##.....
 Apportation              Tloc           #.....       95%         1    ##.....
 Confusing Touch          Hex            #.....       95%         1    ##.....
 Summon Small Mammal      Summ           #...         95%         1    ##.....
 Passwall                 Tmut/Erth      #.......     99%         2    ###....
 Swiftness                Chrm/Air       #.......     99%         2    ###....
 Passage of Golubria      Tloc           N/A          100%        4    #####..
 Lee's Rapid Deconstruct  Erth           #.........   100%        5    ######.
 Darkness                 Hex            #.........   100%        6    #######
 Invisibility             Hex            #.......     100%        6    #######


Dungeon Overview and Level Annotations

Branches:
Dungeon (9/15)             Temple (1/1) D:6             Orc (0/2) D:9
   Lair: D:8-11

Altars:
Ashenzari
Cheibriados
Dithmenos
Elyvilon
Fedhas
Gozag
Hepliaklqana
Kikubaaqudgha
Makhleb
Nemelex Xobeh
Okawaru
Ru
Sif Muna
Trog
Uskayaw
Vehumet
Wu Jian
Xom
Yredelemnul
Zin
The Shining One
Beogh

Annotations:
D:6 2 runed translucent doors, Masnef's ghost, novice KoFi


Innate Abilities, Weirdness & Mutations

You reflexively headbutt those who attack you in melee.
You have a pair of horns on your head.


Message History

You slash the orc!
You kill the orc!
Okawaru accepts your kill.
You slash the orc!
You kill the orc!
Okawaru accepts your kill.
The orc priest calls down the wrath of Beogh upon you.
Beogh smites you!
* * * LOW HITPOINT WARNING * * *
You slice the orc!!
You kill the orc!
Okawaru accepts your kill. The orc barely misses you.
You barely miss the orc priest. You headbutt the orc priest.
The orc priest is lightly wounded.
The orc hits you from afar with a +0 trident.
* * * LOW HITPOINT WARNING * * *
The orc priest calls down the wrath of Beogh upon you.
Beogh smites you!
You die...

+# $# ##.# ###### #..#
##....########## ####'#########
.'.)...........#
#............##.
##.............#
#...............
#.............###......##8'8####
#.............'@o......#


..ooo8o #..........)..###o.....# ooooooo #.............# #......# ooooo_.
############### ######## ...?... #..# .....>. ####'########## #.......<..#
#..........# ## #..........# #. You could see an orc priest and an orc.

Vanquished Creatures
  Erica (D:8)
  Psyche (D:8)
  A hornet (D:9)
  A wyvern (D:8)
  A hungry ghost (D:7)
  A water moccasin (D:3)
  3 ice beasts
  2 black bears
  4 orc warriors
  An eye of draining (D:8)
  A sky beast (D:8)
  4 phantoms
  3 ogres
  4 centaurs
  3 bullfrogs
  A scorpion (D:5)
  4 wights
  2 howler monkeys (D:6)
  3 crimson imps
  2 hounds
  4 jellies
  2 bullfrog skeletons
  5 orc priests
  4 iguanas
  Natasha (thrice) (D:2)
  6 orc wizards
  9 worker ants
  2 hound zombies
  A hound skeleton (D:4)
  Robin (D:2)
  4 gnolls (D:3)
  12 adders
  A shadow imp (D:6)
  6 oozes
  An adder skeleton (D:7)
  A worm (D:4)
  2 dart slugs
  6 leopard geckos
  37 orcs
  2 ball pythons
  8 giant cockroaches
  9 hobgoblins
  17 jackals
  5 quokkas
  A ball python skeleton (D:4)
  10 bats
  5 frilled lizards
  7 goblins
  6 kobolds
  A leopard gecko zombie (D:6)
  A quokka skeleton (D:4)
  7 rats
229 creatures vanquished.

Notes
Turn   | Place    | Note
-------+----------+-------------------------------------------
     0 | D:1      | Kohma the Minotaur Fighter began the quest for the Orb.
     0 | D:1      | Reached XP level 1. HP: 19/19 MP: 0/0
   216 | D:1      | Reached skill level 3 in Axes
   216 | D:1      | Reached XP level 2. HP: 23/26 MP: 1/1
   607 | D:2      | Reached XP level 3. HP: 31/31 MP: 2/2
   649 | D:2      | Noticed Robin
   654 | D:2      | Killed Robin
   807 | D:2      | Noticed Natasha
   822 | D:2      | Killed Natasha
   822 | D:2      | Reached skill level 4 in Axes
   822 | D:2      | Reached XP level 4. HP: 14/39 MP: 3/3
  1233 | D:2      | Noticed Natasha
  1243 | D:2      | Killed Natasha
  1264 | D:2      | Noticed Natasha
  1268 | D:2      | Killed Natasha
  1461 | D:2      | Reached XP level 5. HP: 44/45 MP: 4/4
  1646 | D:3      | Reached skill level 5 in Axes
  1943 | D:3      | Reached skill level 5 in Armour
  1943 | D:3      | Reached skill level 5 in Shields
  2082 | D:3      | Reached XP level 6. HP: 49/51 MP: 5/5
  2528 | D:3      | Reached skill level 6 in Axes
  2719 | D:3      | Noticed a water moccasin
  2730 | D:3      | Killed a water moccasin
  3365 | D:4      | Reached XP level 7. HP: 50/57 MP: 6/6
  3609 | D:4      | Reached skill level 7 in Axes
  4056 | D:5      | Entered Level 5 of the Dungeon
  4102 | D:5      | Reached skill level 8 in Axes
  4159 | D:5      | Got a warped dagger
  4160 | D:5      | Identified the +7 dagger "Tififotz" {freeze, *Slow +Fly
                  | rElec Str+4} (You found it on level 5 of the Dungeon)
  4258 | D:5      | Reached XP level 8. HP: 60/64 MP: 7/7
  4361 | D:5      | Found an opulent altar of Gozag.
  4740 | D:6      | Found a shattered altar of Ashenzari.
  4775 | D:6      | Reached skill level 9 in Axes
  4832 | D:6      | Found a large runed translucent door.
  4832 | D:6      | Found a large runed translucent door.
  4834 | D:6      | Noticed Masnef's ghost (novice KoFi)
  5120 | D:6      | Found a staircase to the Ecumenical Temple.
  5130 | Temple   | Entered the Ecumenical Temple
  5228 | Temple   | Became a worshipper of Warmaster Okawaru
  5827 | D:6      | Reached * piety under Okawaru
  5827 | D:6      | Reached skill level 10 in Axes
  5887 | D:7      | Reached XP level 9. HP: 68/70 MP: 8/8
  6363 | D:7      | Reached ** piety under Okawaru
  6363 | D:7      | Reached skill level 11 in Axes
  6503 | D:7      | Found a hazy altar of Hepliaklqana.
  6731 | D:8      | Noticed Psyche
  6748 | D:8      | Killed Psyche
  6748 | D:8      | Reached skill level 5 in Fighting
  6951 | D:8      | Got a faintly humming scale mail
  6962 | D:8      | Identified the +1 scale mail of Intercession {Stlth+} (You
                  | found it on level 8 of the Dungeon)
  7002 | D:8      | Reached skill level 12 in Axes
  7023 | D:8      | Reached *** piety under Okawaru
  7200 | D:8      | Reached XP level 10. HP: 67/83 MP: 9/9
  7299 | D:8      | Noticed Erica
  7307 | D:8      | Killed Erica
  7381 | D:8      | Found a bloodstained altar of Trog.
  7533 | D:9      | Reached **** piety under Okawaru
  7709 | D:9      | Found a roughly hewn altar of Beogh.
  7709 | D:9      | Found a staircase to the Orcish Mines.
  7743 | D:9      | Reached skill level 10 in Armour
  7747 | D:9      | Killed from afar by an orc priest

Levels and vault maps discovered:
D:1:      tarquinn_simple_flora_water_f, layout_basic
D:2:      layout_loops_corners, nicolae_underground_beach, uniq_natasha,
          uniq_robin
D:3:      layout_basic, kennysheep_generic_room_12
D:4:      layout_basic, first_ration
D:5:      layout_loops_ring, grunt_gozag_breadcrumbs
D:6:      layout_gridville, nicolae_ashenzari_panopticon,
          minmay_temple_entry_statues_fountains, ebering_ghost_disaster_area,
          mrwooster_statue_mirror, minmay_joined_circles
D:7:      layout_layer_cave, basic_altar
D:8:      layout_basic, basic_altar, hangedman_little_slice_of_home,
          minmay_between, uniq_psyche, uniq_erica
D:9:      layout_roguey, nicolae_qazlal_eye_of_the_storm, lair_entry_dummy,
          david_orc_5
Temple:   regret_index_temple_chain_breaker

Skill      XL: |  1  2  3  4  5  6  7  8  9 10 |
---------------+-------------------------------+-----
Axes           | 3 4 5 6 8 10 12 | 12.9
Armour         | 4 5 6 7 9 10 | 10.0
Shields        | 4 5 6 7 8 |  8.3
Fighting       | 5 6 |  6.6

Action                   |  1- 3 |  4- 6 |  7- 9 | 10-12 || total
-------------------------+-------+-------+-------+-------++-------
Melee: War axe           |    79 |   134 |   306 |       ||   519
       Headbutt          |     4 |    16 |    72 |     5 ||    97
       Battleaxe         |       |       |   100 |    60 ||   160
  Use: Scroll            |       |       |    11 |       ||    11
       Potion            |       |       |     2 |       ||     2
  Eat: Chunk             |       |     7 |    18 |     1 ||    26
Armor: Scale mail        |    27 |    37 |   133 |       ||   197
       Ring mail         |       |    23 |     2 |       ||    25
       Chain mail        |       |       |     9 |    21 ||    30
Dodge: Dodged            |    19 |    46 |   118 |    16 ||   199
Block: Shield            |    37 |    83 |   144 |       ||   264

Table legend:
 A = Non-vault XP
 B = Vault XP
 C = Vault XP percentage of total XP
 D = Non-vault monster count
 E = Vault monster count
 F = Vault count percentage of total count
                 A         B        C        D         E       F
            +---------+---------+-------+---------+---------+-------
      Total |    5692 |    1984 |  25.8 |     194 |      35 |  15.3
            +---------+---------+-------+---------+---------+-------
        D:1 |      33 |       0 |   0.0 |      21 |       0 |   0.0
        D:2 |     110 |      64 |  36.8 |      21 |       8 |  27.6
        D:3 |     479 |       0 |   0.0 |      35 |       0 |   0.0
        D:4 |     551 |       0 |   0.0 |      29 |       0 |   0.0
        D:5 |     406 |       0 |   0.0 |      13 |       0 |   0.0
        D:6 |    1444 |      84 |   5.5 |      34 |       5 |  12.8
        D:7 |    1259 |       0 |   0.0 |      27 |       0 |   0.0
        D:8 |    1022 |    1505 |  59.6 |      11 |      12 |  52.2
        D:9 |     388 |     331 |  46.0 |       3 |      10 |  76.9
            +---------+---------+-------+---------+---------+-------
